 Dungeon Crawl Stone Soup version 0.26-a0-660-gc07710193c (webtiles) character file.

Game seed: 9128414981949097170

188685 dickylongcocking the Spry (level 17, -6/139 HPs)
             Began as a Spriggan Venom Mage on Oct 5, 2020.
             Was the Champion of Kikubaaqudgha.
             Mangled by a naga warrior
             ... wielding a +0 dire flail
              (15 damage)
             ... on level 1 of the Snake Pit.
             The game lasted 01:32:33 (54834 turns).

dickylongcocking the Spry (Spriggan Venom Mage)    Turns: 54834, Time: 01:32:33

Health: -6/139     AC: 28    Str: 14    XL:     17   Next: 92%
Magic:  0/33       EV:  1    Int: 20    God:    Kikubaaqudgha [******]
Gold:   1707       SH:  0    Dex: 19    Spells: 2/39 levels left

rFire    . . .     SeeInvis +   T - staff of death
rCold    + . .     Faith    .   (shield currently unavailable)
rNeg     + + +     Spirit   +   (armour currently unavailable)
rPois    +         Reflect  .   (helmet currently unavailable)
rElec    +         Harm     .   (cloak currently unavailable)
rCorr    .         Rampage  .   (gloves unavailable)
MR       ++...     NoTele   +   (boots unavailable)
Stlth    ++++......             c - amulet "Nyteawku" {Spirit rElec rC+ Dex+3 Stlth+}
HPRegen  0.33/turn              W - ring of wizardry
MPRegen  0.23/turn              U - ring "Poufam" {+Blink rPois Str+6}

@: tree-form, death channel, constricted, studying Translocations
A: very small, unfitting armour, see invisible
a: Receive Corpses, Torment, Brand Weapon With Pain, Receive Necronomicon,
Renounce Religion, Evoke Blink


You were on level 1 of the Snake Pit.
You worshipped Kikubaaqudgha.
Kikubaaqudgha was exalted by your worship.
You were a tree.
You visited 6 branches of the dungeon, and saw 31 of its levels.
You also visited: Sewer and Ice Cave.

You collected 3877 gold pieces.
You spent 2170 gold pieces at shops.

Inventory:

Hand Weapons
 s - a +2 dagger of electrocution
 y - a +4 short sword of venom
 Q - a +0 vorpal quarterstaff
Armour
 a - +0 fire dragon scales
 b - +7 pearl dragon scales (melded)
 t - a +0 cloak (melded)
 N - a +2 hat (melded)
 Y - +0 ice dragon scales
Magical Staves
 z - an uncursed staff of cold
 L - an uncursed staff of conjuration
 P - an uncursed staff of poison
 T - an uncursed staff of death (weapon)
Jewellery
 c - the amulet "Nyteawku" (around neck) {Spirit rElec rC+ Dex+3 Stlth+}
   (You acquired it on level 2 of the Orcish Mines)

   [amulet of guardian spirit]

   It causes incoming damage to be split between your health and magic.
   It affects your dexterity (+3).
   It protects you from cold.
   It insulates you from electricity.
   It makes you more stealthy.
 j - an uncursed ring of flight
 m - a +6 ring of intelligence {unknown}
 p - an uncursed ring of positive energy
 C - an uncursed ring of magical power
 G - an uncursed ring of see invisible
 I - an uncursed ring of protection from magic
 J - an uncursed ring of fire
 R - an uncursed ring of protection from fire
 S - an uncursed ring of magical power
 U - the ring "Poufam" (right branch) {+Blink rPois Str+6}
   (You bought it in a shop on level 1 of the Orcish Mines)

   [ring of strength]

   It affects your strength (+6).
   It protects you from poison.
   It lets you blink.
 V - a +4 ring of protection
 W - a ring of wizardry (left branch)
 X - an uncursed ring of protection from fire
Wands
 h - a wand of digging (12)
 i - a wand of polymorph (7)
 H - a wand of flame (52)
Scrolls
 e - 11 scrolls of teleportation
 f - 13 scrolls of remove curse
 k - 5 scrolls of fear
 l - 7 scrolls of magic mapping
 n - 2 scrolls of blinking
 q - 9 scrolls of enchant weapon
 w - 6 scrolls of fog
 x - 2 scrolls of silence
 B - 7 scrolls of identify
 M - 3 scrolls of amnesia
 Z - 2 scrolls of vulnerability
Potions
 d - 3 potions of might
 g - 2 potions of invisibility
 o - 9 potions of flight
 r - 10 potions of lignification
 u - a potion of brilliance
 v - 3 potions of mutation
 D - 3 potions of berserk rage
 E - 3 potions of curing
 F - 4 potions of stabbing
Books
 A - a manual of Translocations


   Skills:
 - Level 12.0 Fighting
 * Level 2.9 Staves
 - Level 10.0 Armour
 - Level 19.0 Dodging
 - Level 3.0 Stealth
 * Level 11.9 Spellcasting
 * Level 13.8 Necromancy
 * Level 14.2 Translocations
 - Level 7.5 Transmutations
 * Level 3.3 Ice Magic
 - Level 7.5 Poison Magic
 - Level 11.0 Evocations


You had 2 spell levels left.
You knew the following spells:

 Your Spells              Type           Power        Failure   Level
a - Sting                 Tmut/Pois      ####         1%          1
b - Poisonous Vapours     Pois/Air       ####..       1%          2
c - Dispel Undead         Necr           #######.     1%          4
d - Olgreb's Toxic Radia  Pois           #####...     1%          4
e - Death Channel         Necr           #######...   1%          6
f - Dispersal             Tloc           ######....   1%          6
g - Simulacrum            Ice/Necr       ######....   11%         6
h - Corpse Rot            Necr/Air       N/A          1%          2
i - Ignite Poison         Fire/Tmut/Pois ####....     1%          3
x - Mephitic Cloud        Conj/Pois/Air  ###.....     2%          3

Your spell library contained the following spells:

 Spells                   Type           Power        Failure   Level
 Pain                     Necr           ####         0%          1
 Passwall                 Tmut/Erth      ####....     1%          2
 Sublimation of Blood     Necr           #######...   1%          2
 Foxfire                  Conj/Fire      ##..         2%          1
 Magic Dart               Conj           ##..         2%          1
 Shock                    Conj/Air       ##..         2%          1
 Searing Ray              Conj           ##....       3%          2
 Swiftness                Air            ##......     3%          2
 Gell's Gravitas          Tloc           ######....   1%          3
 Portal Projectile        Hex/Tloc       #####.       1%          3
 Vampiric Draining        Necr           #######...   1%          3
 Iskenderun's Mystic Bla  Conj/Tloc      #####...     1%          4
 Passage of Golubria      Tloc           N/A          1%          4
 Agony                    Necr           #######.     1%          5
 Excruciating Wounds      Necr           #######...   1%          5
 Ice Form                 Ice/Tmut       ####....     2%          4
 Summon Forest            Summ/Tloc      #####.....   3%          5
 Petrify                  Tmut/Erth      ####....     4%          4
 Confusing Touch          Hex            ##......     7%          3
 Dazzling Flash           Conj/Hex       ##....       7%          3
 Static Discharge         Conj/Air       ##......     7%          3
 Stone Arrow              Conj/Erth      ##....       7%          3
 Yara's Violent Unravell  Hex/Tmut       ####......   14%         5
 Airstrike                Air            ##........   22%         4
 Cause Fear               Hex            ##........   22%         4
 Fulminant Prism          Conj/Hex       ##........   22%         4
 Metabolic Englaciation   Hex/Ice        ###.......   32%         5
 Disjunction              Tloc           ######....   38%         8
 Fireball                 Conj/Fire      ##........   52%         5
 Lee's Rapid Deconstruct  Erth           ##........   52%         5
 Lightning Bolt           Conj/Air       ##........   52%         5
 Summon Demon             Summ           ##........   52%         5
 Summon Mana Viper        Hex/Summ       ##......     52%         5
 Ozocubu's Refrigeration  Ice            ####......   63%         6
 Dragon Form              Tmut           #####.....   63%         7
 Malign Gateway           Summ/Tloc      #####.....   67%         7
 Freezing Cloud           Conj/Ice/Air   ###.......   89%         6
 Invisibility             Hex            ##......     96%         6
 Shadow Creatures         Summ           N/A          96%         6
 Starburst                Conj/Fire      ##........   96%         6
 Summon Hydra             Summ           ##........   100%        7
 Ignition                 Fire           ##........   100%        8
 Dragon's Call            Summ           ##........   100%        9


Dungeon Overview and Level Annotations

Branches:
Dungeon (15/15) Temple (1/1) D:7 Lair (6/6) D:10 Swamp (4/4) Lair:2 Snake (3/4) Lair:2 Slime (0/5) Lair:6 Orc (2/2) D:10 Elf (0/3) Orc:2 Vaults (0/5) D:14 D:15 Depths (0/5) D:15 Sewer (visited) IceCv (visited)

Altars:
Ashenzari
Cheibriados
Dithmenos
Elyvilon
Fedhas
Gozag
Hepliaklqana
Kikubaaqudgha
Makhleb
Nemelex Xobeh
Okawaru
Qazlal
Ru
Sif Muna
Trog
Uskayaw
Vehumet
Wu Jian
Xom
Yredelemnul
Zin
The Shining One
Beogh
Jiyva

Shops:
D:11 [   Orc:1 =   Orc:2 [??[

Annotations:
D:4 3 runed translucent doors, Sweetruy1997's ghost, amateur MiBe; droidtality's ghost, novice GrFi
D:9 2 transporters
Lair:5 1 runed translucent door, adelrune's ghost, journeyman FeBe


Innate Abilities, Weirdness & Mutations

You are very small and have problems with some larger weapons.
You are too small for most types of armour.
You have supernaturally acute eyesight. (SInv)
((You cover ground extremely quickly.))


Message History

The naga warrior constricts you.
Unknown command.
Unknown command.
Unknown command.
Okay, then.
Okay, then.
You feel better. The guardian serpent hits you!
* * * LOW HITPOINT WARNING * * *
The naga warrior hits you but does no damage.
Unknown command.
Unknown command.
Unknown command.
Unknown command.
Okay, then.
As you read the scroll of fear, it crumbles to dust.
You assume a fearsome visage.
The guardian serpent looks frightened!
The naga warrior looks frightened!
The naga warrior easily resists.
The naga warrior hits you with a +0 dire flail!
You die...
Kikubaaqudgha rasps: "You have failed me!
Welcome... death!"

###########
#..NS♣N..$#
#.#######.#
#.# #.#
#####.#######
#...........#
#...........#
#...........#
#.....†.....#


You could see 2 naga warriors and a guardian serpent (fleeing).

Vanquished Creatures
  Nikola (Swamp:1)
  Jorgrun (Swamp:1)
  Kirke (D:12)
  A thorn hunter (Swamp:3)
  Donald (Swamp:2)
  2 nagarajas (Snake:2)
  A stone giant (Orc:1)
  A dire elephant (D:15)
  Nessos (D:14)
  Snorg (Lair:4)
  2 fire dragons
  An ogre mage (D:11)
  3 ice dragons
  24 hydras
  8 naga warriors
  Fannar (D:11)
  3 ghost crabs
  3 boulder beetles
  4 catoblepae
  3 shambling mangroves
  A death knight (D:15)
  5 centaur warriors
  6 anacondas
  11 alligators
  6 two-headed ogres
  16 death yaks
  4 tengu warriors
  An orc high priest (Orc:1)
  A shock serpent (shapeshifter) (D:15)
  5 spriggans
  3 naga sharpshooters
  5 shock serpents
  6 swamp dragons
  2 fire crabs
  2 spriggan druids (Swamp:4)
  A wizard (D:14)
  4 naga ritualists
  A phantasmal warrior (D:15)
  9 orc knights
  A lindwurm (Lair:6)
  An orb spider (shapeshifter) (D:11)
  9 ugly things
  A deep elf mage (D:15)
  4 mana vipers
  A wolf spider (D:15)
  2 orc sorcerers (Orc:2)
  10 slime creatures
  3 manticores
  3 salamanders
  3 cyclopes
  A black mamba (shapeshifter) (D:11)
  2 guardian serpents
  Maurice (D:10)
  An apocalypse crab (D:14)
  7 naga magi
  11 elephants
  A smoke demon (D:15)
  19 cane toads
  24 black mambas
  2 ice statues (IceCv)
  A torpor snail (Lair:3)
  A gargoyle (D:14)
  Maggie (D:6)
  2 freezing wraiths (D:15)
  3 kobold demonologists (D:12)
  3 yaktaurs (D:14)
  A yaktaur (shapeshifter) (D:14)
  2 tengu conjurers
  9 komodo dragons
  7 rime drakes
  An efreet (D:11)
  A merfolk (D:15)
  5 polar bears
  11 trolls
  6 tyrant leeches
  12 hornets
  A meliai (shapeshifter) (D:13)
  18 blink frogs
  A meliai zombie (D:10)
  4 bog bodies
  2 vampires
  7 shadows
  6 wyverns
  63 yaks
  Sigmund (D:4)
  4 wraiths
  A basilisk (Lair:2)
  4 hogs (D:12)
  18 humans
  Grum (D:10)
  2 steam dragons
  24 vampire mosquitoes
  Edmund (D:5)
  10 nagas
  17 swamp worms
  3 wargs
  6 insubstantial wisps
  A naga (shapeshifter) (D:13)
  2 soldier ants (D:10)
  16 water moccasins
  2 acid dragons (D:11)
  40 orc warriors
  18 ice beasts
  9 sky beasts
  9 swamp drakes
  6 black bears
  An eye of draining (D:10)
  5 necrophages
  10 wolves
  18 ogres
  6 phantoms
  11 centaurs
  10 big kobolds
  25 bullfrogs
  2 gnoll sergeants
  A water moccasin zombie (D:8)
  4 scorpions
  10 killer bees
  9 wights
  2 electric eels
  5 howler monkeys
  3 bullfrog zombies
  A quasit (D:9)
  8 jellies
  A water moccasin simulacrum (D:10)
  A wyvern simulacrum (D:10)
  9 centaur skeletons
  11 hounds
  8 orc priests
  2 bullfrog skeletons
  12 orc wizards
  An iguana (D:10)
  Ijyb (D:5)
  14 worker ants
  6 hell rats
  A hound zombie (D:8)
  4 hound skeletons
  2 worker ant zombies
  8 gnolls
  6 adders
  3 river rats (D:10)
  A hound simulacrum (D:10)
  2 shadow imps
  3 white imps
  A worker ant simulacrum (D:10)
  4 ufetubi
  3 oozes
  2 adder skeletons (D:6)
  3 worms
  4 dart slugs
  4 leopard geckos
  94 orcs
  7 giant cockroaches
  9 goblins
  3 hobgoblins
  12 jackals
  6 quokkas
  6 ball pythons
  6 bats
  7 frilled lizards
  A jackal zombie (D:6)
  39 kobolds
  A leopard gecko zombie (D:8)
  2 quokka skeletons
  A quokka zombie (D:5)
  12 rats
  2 bushes (D:8)
1078 creatures vanquished.

Vanquished Creatures (collateral kills)
  A two-headed ogre (D:11)
  2 shock serpents (Snake:1)
  2 black mambas (Snake:2)
  A cane toad (Swamp:3)
  A komodo dragon (Swamp:3)
  A slime creature (Swamp:1)
  A swamp worm (Swamp:1)
9 creatures vanquished.

Vanquished Creatures (others)
  An anaconda (Snake:1)
  An alligator (Swamp:1)
  A mana viper (Snake:3)
  A naga mage (Snake:1)
  2 cane toads
  An efreet (D:11)
  A vampire mosquito (Swamp:4)
  4 swamp drakes
  A worker ant (D:11)
  A quokka (D:15)
  A bush (Lair:6)
  32 fungi
  60 plants
  5 withered plants (D:4)
112 creatures vanquished.

Grand Total: 1199 creatures vanquished

Notes
Turn   | Place    | Note
-------+----------+-------------------------------------------
     0 | D:1      | dickylongcocking the Spriggan Venom Mage began the quest
                  | for the Orb.
     0 | D:1      | Reached XP level 1. HP: 9/9 MP: 5/5
   288 | D:1      | Reached XP level 2. HP: 13/13 MP: 1/7
   697 | D:1      | Reached XP level 3. HP: 16/16 MP: 0/9
  1383 | D:2      | Found a bloodstained altar of Trog.
  1473 | D:2      | Reached XP level 4. HP: 19/21 MP: 7/11
  2104 | D:3      | Reached skill level 1 in Armour
  2140 | D:3      | Reached XP level 5. HP: 24/24 MP: 7/12
  2295 | D:3      | Learned a level 4 spell: Olgreb's Toxic Radiance
  2631 | D:3      | Noticed a phantom
  2677 | D:3      | Learned a level 3 spell: Mephitic Cloud
  2681 | D:3      | Learned a level 3 spell: Ignite Poison
  3840 | D:3      | Killed a phantom
  3840 | D:3      | Reached skill level 5 in Spellcasting
  3840 | D:3      | Reached XP level 6. HP: 19/28 MP: 0/14
  3940 | D:4      | Noticed Sigmund
  3943 | D:4      | Killed Sigmund
  4388 | D:4      | Reached skill level 5 in Poison Magic
  4388 | D:4      | Reached XP level 7. HP: 32/32 MP: 5/17
  4686 | D:4      | Found a runed translucent gate.
  4686 | D:4      | Found a runed translucent gate.
  4686 | D:4      | Found a runed translucent gate.
  4687 | D:4      | Noticed Sweetruy1997's ghost (amateur MiBe)
  4688 | D:4      | Noticed droidtality's ghost (novice GrFi)
  5234 | D:5      | Entered Level 5 of the Dungeon
  5263 | D:5      | Noticed Ijyb
  5267 | D:5      | Killed Ijyb
  5570 | D:5      | Found a snail-covered altar of Cheibriados.
  5820 | D:5      | Noticed Edmund
  5837 | D:5      | Killed Edmund
  5837 | D:5      | Reached XP level 8. HP: 25/36 MP: 8/20
  6450 | D:5      | Found a glowing golden altar of the Shining One.
  6968 | D:6      | Noticed Maggie
  7024 | D:6      | Reached XP level 9. HP: 38/39 MP: 2/22
  7124 | D:6      | Killed Maggie
  7128 | D:6      | Found a glowing drain.
  7159 | Sewer    | Entered a sewer
  7680 | Sewer    | Reached skill level 1 in Fighting
  7684 | Sewer    | Reached skill level 4 in Dodging
  7954 | D:6      | Reached skill level 5 in Armour
  8184 | D:6      | Found a hide-covered altar of Uskayaw.
  8184 | D:6      | Found a blossoming altar of Fedhas.
  8385 | D:7      | Found a staircase to the Ecumenical Temple.
  8400 | Temple   | Entered the Ecumenical Temple
  8608 | Temple   | Became a worshipper of Kikubaaqudgha
  8636 | D:7      | Reached skill level 5 in Dodging
  8859 | D:7      | Reached skill level 1 in Necromancy
  9661 | D:8      | Reached * piety under Kikubaaqudgha
  9661 | D:8      | Identified Kikubaaqudgha's Compendium of Black Arts
                  | (Kikubaaqudgha gifted it to you on level 8 of the Dungeon)
  9661 | D:8      | Received a gift from Kikubaaqudgha
  9690 | D:8      | Found an ornate altar of the Wu Jian Council.
  9815 | D:8      | Reached skill level 6 in Dodging
  9825 | D:8      | Found a sacrificial altar of Ru.
 10002 | D:8      | Learned a level 2 spell: Poisonous Vapours
 10167 | D:8      | Reached XP level 10. HP: 22/48 MP: 2/24
 10519 | D:8      | Found a basalt altar of Yredelemnul.
 10575 | D:8      | Found a white marble altar of Elyvilon.
 10636 | D:8      | Found a blossoming altar of Fedhas.
 11111 | D:8      | Reached skill level 5 in Transmutations
 11246 | D:9      | Found a sparkling altar of Nemelex Xobeh.
 11342 | D:9      | Reached skill level 7 in Dodging
 11594 | D:9      | Reached ** piety under Kikubaaqudgha
 11963 | D:9      | Found a radiant altar of Vehumet.
 12091 | D:9      | Found a stormy altar of Qazlal.
 12437 | D:9      | Found a transporter.
 12445 | D:9      | Found a transporter.
 12607 | D:10     | Entered Level 10 of the Dungeon
 12660 | D:10     | Reached skill level 8 in Dodging
 12696 | D:10     | Reached XP level 11. HP: 47/53 MP: 4/25
 13356 | D:10     | Noticed Grum
 13360 | D:10     | Killed Grum
 13907 | D:10     | Reached skill level 9 in Dodging
 13937 | D:10     | Reached *** piety under Kikubaaqudgha
 13937 | D:10     | Identified Kikubaaqudgha's Reference Book on Dark Rituals
                  | (Kikubaaqudgha gifted it to you on level 10 of the Dungeon)
 13937 | D:10     | Received a gift from Kikubaaqudgha
 14059 | D:10     | Found a staircase to the Lair.
 14059 | D:10     | Noticed a death yak
 14059 | D:10     | Noticed a death yak
 14065 | D:10     | Killed a death yak
 14065 | D:10     | Reached skill level 5 in Fighting
 14071 | D:10     | Noticed a death yak
 14081 | D:10     | Killed a death yak
 14081 | D:10     | Reached skill level 5 in Necromancy
 14085 | D:10     | Killed a death yak
 14496 | D:10     | Reached skill level 10 in Dodging
 14716 | D:10     | Noticed Maurice
 14723 | D:10     | Killed Maurice
 14781 | D:10     | Learned a level 4 spell: Dispel Undead
 14940 | D:10     | Reached **** piety under Kikubaaqudgha
 15140 | D:10     | Found a staircase to the Orcish Mines.
 15266 | Orc:1    | Entered Level 1 of the Orcish Mines
 15275 | Orc:1    | Noticed an orc high priest
 15279 | Orc:1    | Killed an orc high priest
 15860 | Orc:2    | Entered Level 2 of the Orcish Mines
 15944 | Orc:2    | Noticed an orc sorcerer
 15948 | Orc:2    | Noticed a sun demon
 15948 | Orc:2    | Killed an orc sorcerer
 16015 | Orc:2    | Noticed an orc sorcerer
 16018 | Orc:2    | Noticed an orc knight
 16025 | Orc:2    | Killed an orc sorcerer
 16025 | Orc:2    | Reached XP level 12. HP: 52/61 MP: 2/26
 16344 | Orc:2    | Reached skill level 11 in Dodging
 17193 | Orc:2    | Reached ***** piety under Kikubaaqudgha
 17871 | Orc:2    | Found a roughly hewn altar of Beogh.
 18156 | Orc:2    | Found Baagar's Magic Scroll Emporium.
 18156 | Orc:2    | Found Okepacocior's Armour Boutique.
 18172 | Orc:2    | Bought a scroll of enchant armour for 97 gold pieces
 18172 | Orc:2    | Bought a scroll of enchant armour for 97 gold pieces
 18172 | Orc:2    | Bought a scroll of amnesia for 45 gold pieces
 18291 | Orc:2    | Found Jeiniott's Magic Scroll Boutique.
 18291 | Orc:2    | Found Ucauffiss's Antique Armour Emporium.
 18296 | Orc:2    | Bought a scroll of acquirement for 884 gold pieces
 18296 | Orc:2    | Bought a scroll of enchant armour for 127 gold pieces
 18307 | Orc:2    | Acquired the amulet "Nyteawku" {Spirit rElec rC+ Dex+3
                  | Stlth+}
 18346 | Orc:2    | Reached skill level 12 in Dodging
 18802 | Orc:2    | Found a staircase to the Elven Halls.
 18966 | Orc:1    | Found Ivvy's Jewellery Shoppe.
 18978 | Orc:1    | Noticed a stone giant
 18984 | Orc:1    | Killed a stone giant
 19342 | Lair:1   | Entered Level 1 of the Lair of Beasts
 20629 | Lair:2   | Reached XP level 13. HP: 68/68 MP: 19/27
 20709 | Lair:2   | Reached skill level 13 in Dodging
 21463 | Lair:2   | Found a staircase to the Swamp.
 21850 | Lair:2   | Found a staircase to the Snake Pit.
 23094 | Lair:3   | Reached ****** piety under Kikubaaqudgha
 23190 | Lair:3   | Reached skill level 14 in Dodging
 24109 | Lair:4   | Noticed Snorg
 24116 | Lair:4   | Killed Snorg
 25095 | Lair:5   | Found a runed translucent door.
 25095 | Lair:5   | Noticed adelrune's ghost (journeyman FeBe)
 25897 | Lair:6   | Entered Level 6 of the Lair of Beasts
 26103 | Lair:6   | Reached skill level 15 in Dodging
 26518 | Lair:6   | Reached XP level 14. HP: 65/75 MP: 14/28
 26519 | Lair:6   | Reached skill level 10 in Necromancy
 27342 | Lair:6   | Reached skill level 1 in Evocations
 27812 | Lair:6   | Reached skill level 16 in Dodging
 27936 | Lair:6   | Reached skill level 10 in Fighting
 28838 | Lair:6   | Found a viscous altar of Jiyva.
 28839 | Lair:6   | Found a staircase to the Slime Pits.
 29318 | Lair:6   | Reached skill level 5 in Evocations
 29905 | Orc:1    | Bought the ring "Poufam" {+Blink rPois Str+6} for 920 gold
                  | pieces
 30013 | D:11     | Found Cugat's Armour Shoppe.
 30119 | D:11     | Found a frozen archway.
 30135 | IceCv    | Entered an ice cave
 30800 | IceCv    | Reached XP level 15. HP: 81/81 MP: 18/29
 31180 | D:11     | Noticed Fannar
 31184 | D:11     | Killed Fannar
 31195 | D:11     | Reached skill level 17 in Dodging
 31292 | D:11     | Found a shimmering blue altar of Sif Muna.
 32551 | D:11     | Identified the +5 falchion of Due Proportion {speed, rElec
                  | rPois Str+6} (You found it on level 11 of the Dungeon)
 32866 | D:11     | Identified the Incunabulum of Displacement and Clay
 34313 | D:12     | Noticed Kirke
 34321 | D:12     | Killed Kirke
 34710 | D:13     | Learned a level 6 spell: Death Channel
 35033 | D:13     | You fall into a shaft and drop 2 floors!
 35033 | D:15     | Entered Level 15 of the Dungeon
 35273 | D:15     | Found an opulent altar of Gozag.
 35668 | D:15     | Found a white marble altar of Elyvilon.
 36466 | D:14     | Found a gate to the Vaults.
 36466 | D:14     | Noticed Nessos
 36625 | D:14     | Killed Nessos
 37500 | D:14     | Paralysed by you for 2 turns
 37507 | D:14     | Reached XP level 16. HP: 53/87 MP: 2/30
 37717 | D:14     | Reached skill level 18 in Dodging
 39512 | D:15     | Reached skill level 1 in Translocations
 39691 | D:15     | Found a staircase to the Depths.
 40265 | Swamp:1  | Entered Level 1 of the Swamp
 40394 | Swamp:1  | Reached skill level 10 in Evocations
 40594 | Swamp:1  | Noticed Jorgrun
 40602 | Swamp:1  | Killed Jorgrun
 41896 | Swamp:1  | Noticed Nikola
 41911 | Swamp:1  | Killed Nikola
 41911 | Swamp:1  | Reached skill level 10 in Armour
 41911 | Swamp:1  | Reached skill level 5 in Translocations
 44154 | Swamp:2  | Acquired an uncursed staff of death
 44316 | Swamp:2  | Noticed Donald
 44343 | Swamp:2  | Killed Donald
 45181 | Swamp:2  | Learned a level 6 spell: Dispersal
 45222 | Swamp:3  | Reached skill level 19 in Dodging
 46303 | Swamp:3  | Reached XP level 17. HP: 93/93 MP: 26/31
 46467 | Swamp:3  | Reached skill level 10 in Spellcasting
 46750 | Swamp:4  | Entered Level 4 of the Swamp
 46908 | Swamp:4  | Reached skill level 10 in Translocations
 48589 | Snake:1  | Entered Level 1 of the Snake Pit
 48818 | Lair:2   | Learned a level 6 spell: Simulacrum
 49613 | Snake:1  | Reached skill level 1 in Ice Magic
 49810 | Snake:1  | Reached skill level 1 in Staves
 50744 | Snake:1  | You fall into a shaft and drop 1 floor!
 52682 | Snake:2  | Learned a level 2 spell: Corpse Rot
 54834 | Snake:1  | Mangled by a naga warrior

Illustrated notes

Levels and vault maps discovered:
D:1:      scummos_arrival_forest, layout_rooms
D:2:      layout_basic, nicolae_overflow_crystal_walls
D:3:      layout_basic
D:4:      layout_rooms, gammafunk_ghost_cemetery, uniq_sigmund
D:5:      layout_loops_ring, marbit_many_paths, cheibrodos_worm_habitat,
          uniq_ijyb, uniq_edmund
D:6:      layout_basic, gammafunk_temple_overflow_wave, portal_sewer_entry_a,
          uniq_maggie
D:7:      layout_gridville, minmay_temple_entry_statues_fountains,
          minmay_checkerbox
D:8:      layout_loops_ring, kennysheep_ying_yang, lemuel_doored_altar,
          nicolae_ru_path_of_blood, fountainhead, fedhas_altar_decomposition
D:9:      gammafunk_jiyva_shrine, layout_loops_cross,
          lemuel_coloured_pillars_altar, overflow_temple_1_default,
          nemelex_xobeh_ov_fountains_minmay
D:10:     layout_basic, dpeg_lair_monsters, orc_0_dummy, serial_ice,
          serial_ice_h, serial_ice_n, serial_ice_b, serial_ice_o, serial_ice_l,
          serial_ice_m, hangedman_pestilent_swarm, uniq_maurice, uniq_grum
D:11:     minmay_the_grid_square_5x5_5x5_mashed
          [minmay_the_grid_square_5x5_hollow_slash,
          minmay_the_grid_square_5x5_longway, minmay_the_grid_square_5x5_spiral,
          minmay_the_grid_square_5x5_bracketed,
          minmay_the_grid_square_5x5_hourglass,
          minmay_the_grid_square_5x5_intrusive_squares,
          minmay_the_grid_square_5x5_prize_pseudospiral,
          minmay_the_grid_square_5x5_minibox,
          minmay_the_grid_square_5x5_prize_deathbox,
          minmay_the_grid_square_5x5_n, minmay_the_grid_square_5x5_minivault,
          minmay_the_grid_square_5x5_shuriken,
          minmay_the_grid_square_5x5_prize_open,
          minmay_the_grid_square_5x5_fancy_junction,
          minmay_the_grid_square_5x5_mess, minmay_the_grid_square_5x5_six,
          minmay_the_grid_square_5x5_prize_snowflake,
          minmay_the_grid_square_5x5_eight,
          minmay_the_grid_square_5x5_prize_waves,
          minmay_the_grid_square_5x5_sharp_hourglass,
          minmay_the_grid_square_5x5_broken_cross, minmay_the_grid_square_5x5_z,
          minmay_the_grid_square_5x5_comb, minmay_the_grid_square_5x5_inner_i,
          minmay_the_grid_square_5x5_corner], layout_irregular_city,
          portal_ice_cave_rime, serial_shops, nicolae_shop_statue_plus,
          basic_altar, uniq_fannar
D:12:     layout_loops_cross, uniq_kirke
D:13:     layout_loops_ring
D:14:     layout_long_grid, david_vaults_3, serial_park_tiny_2, kb_rosetta
D:15:     hangedman_depths_entry_try_elsewhere_first, layout_basic,
          elyvilon_altar_4, nicolae_gozag_cash_rules_everything_around_me
Temple:   minmay_temple_curvy_loop
Lair:1:   layout_long_grid, st_stairs_5, grunt_megastairs_4,
          infiniplex_staircase_pool
Lair:2:   layout_regular_city, minmay_swamp_entry_worms, dummy_snake_entry
Lair:3:   layout_cave_pods, chequers_serial_rivers_room_b,
          nicolae_quartered_pool_little
Lair:4:   layout_roguey, uniq_snorg
Lair:5:   layout_loops_ring, hellmonk_ghost_happy_afterlife, grunt_megastairs_3
Lair:6:   evilmike_catoblepas_cave, layout_misc_corridors, slime_altar_1,
          serial_bayou_shore_b
Swamp:1:  layout_falls_marsh, evilmike_swamp_ruin_rubble_1, swamp_pool1,
          uniq_nikola, uniq_jorgrun
Swamp:2:  layout_basic_swamp, evilmike_swamp_ruin_house_3, swamp_pool2,
          uniq_donald
Swamp:3:  layout_basic_swamp, evilmike_swamp_ruin_house_2, swamp_pool3,
          nicolae_swamp_very_dense_foliage
Swamp:4:  swamp_fiery, layout_basic_swamp
Snake:1:  layout_basic, drop_trap
Snake:2:  layout_grid_maze
Snake:3:  layout_grid_shapes
Orc:1:    layout_diamond_mine, serial_shops, nicolae_shop_trees
Orc:2:    st_orc_town, layout_diamond_mine

Skill      XL: |  1  2  3  4  5  6  7  8  9 10 11 12 13 14 15 16 17 |
---------------+----------------------------------------------------+-----
Spellcasting   | 3 4 5 6 7 8 9 11 | 11.9
Transmutations | 2 3 4 6 7 |  7.5
Armour         | 1 2 3 4 5 6 7 8 9 10 | 10.0
Poison Magic   | 4 5 6 7 |  7.5
Fighting       | 2 4 6 7 9 10 11 12 | 12.0
Dodging        | 6 8 10 12 15 16 17 19 | 19.0
Necromancy     | 2 4 6 8 9 11 12 13 | 13.8
Evocations     | 6 9 11 | 11.0
Translocations | 9 14 | 14.2
Ice Magic      | 3 |  3.3
Staves         | 2 |  2.9
Stealth        | |  3.0

Action                   |  1- 3 |  4- 6 |  7- 9 | 10-12 | 13-15 | 16-18 || total
-------------------------+-------+-------+-------+-------+-------+-------++-------
Melee: Short sword       |    36 |     5 |       |    27 |   153 |       ||   221
       Dagger            |       |    45 |   242 |   186 |       |     7 ||   480
       Staff             |       |       |       |       |    22 |   772 ||   794
       Quarterstaff      |       |       |       |       |       |   111 ||   111
 Cast: Sting             |    66 |    68 |   170 |    72 |   133 |    98 ||   607
       Ignite Poison     |       |    10 |    29 |   186 |   289 |   158 ||   672
       Olgreb's Toxic Ra |       |     7 |    27 |   137 |   230 |   116 ||   517
       Mephitic Cloud    |       |     6 |     1 |    28 |    37 |    34 ||   106
       Poisonous Vapours |       |       |     4 |       |     1 |       ||     5
       Dispel Undead     |       |       |       |     1 |    40 |    40 ||    81
       Death Channel     |       |       |       |       |       |     6 ||     6
       Dispersal         |       |       |       |       |       |     1 ||     1
Evoke: Wand              |       |       |       |     6 |    30 |    74 ||   110
  Use: Potion            |       |     1 |     5 |     2 |     7 |    18 ||    33
       Scroll            |       |       |     4 |    17 |    12 |    10 ||    43
 Stab: Sleeping          |     3 |     4 |     5 |     1 |     8 |     1 ||    22
       Distracted        |       |       |       |     2 |       |       ||     2
       Paralysed         |       |       |       |     3 |    21 |       ||    24
       Invisible         |       |       |       |       |     3 |     1 ||     4
Armor: Robe              |     3 |     4 |     5 |       |       |       ||    12
       Pearl dragon scal |       |       |   149 |    17 |    91 |   430 ||   687
       Swamp dragon scal |       |       |       |    72 |    63 |       ||   135
       Skin              |       |       |       |       |       |     4 ||     4
Dodge: Dodged            |    65 |    60 |   247 |   349 |   774 |  2019 ||  3514

Table legend: (Time is in decaauts)
 A = Elapsed time spent in this place.
 B = Non-inter-level travel time spent in this place.
 C = Inter-level travel time spent in this place.
 D = Time resting spent in this place.
 E = Time spent auto-exploring this place.
 F = Levels seen in this place.
 G = Mean time per level.
                   A        B        C        D        E       F      G
               +--------+--------+--------+--------+--------+-----+--------+
         Total |  47034 |  45528 |   1506 |  13887 |  23460 |  33 | 1425.3 |
       Dungeon |  19847 |  19281 |    566 |   3821 |  12020 |  15 | 1323.1 |
        Temple |    141 |    131 |     10 |      0 |    119 |   1 |  141.0 |
          Lair |  10043 |   9635 |    408 |   3657 |   4778 |   6 | 1673.8 |
         Swamp |   7217 |   6984 |    233 |   2991 |   2539 |   4 | 1804.2 |
     Snake Pit |   4994 |   4920 |     74 |   2040 |   1931 |   3 | 1664.7 |
  Orcish Mines |   3382 |   3169 |    213 |    856 |   1647 |   2 | 1691.0 |
         Sewer |    596 |    596 |      0 |    223 |    200 |   1 |  596.0 |
      Ice Cave |    811 |    811 |      0 |    296 |    223 |   1 |  811.0 |
               +--------+--------+--------+--------+--------+-----+--------+

Top non-repeatable levels by time:
 Snake:2: 3080 daAuts
 Swamp:3: 2918 daAuts
    D:10: 2805 daAuts
  Lair:2: 2676 daAuts
 Swamp:1: 2660 daAuts
  Lair:5: 2376 daAuts
    D:11: 1929 daAuts
     D:3: 1928 daAuts
 Snake:1: 1883 daAuts
   Orc:2: 1869 daAuts
    D:15: 1837 daAuts
  Lair:6: 1776 daAuts
     D:8: 1751 daAuts
   Orc:1: 1512 daAuts
    D:14: 1420 daAuts
